 Dungeon Crawl Stone Soup version 0.20-a0-223-g066d66b (webtiles) character file.

19 FrankyJ the Ogre Mage (level 2, -1/26 HPs)
             Began as an Ogre Fire Elementalist on Nov 30, 2016.
             Slain by a hobgoblin
             ... wielding a +0 club
              (3 damage)
             ... on level 1 of the Dungeon.
             The game lasted 00:02:01 (941 turns).

FrankyJ the Ogre Mage (Ogre Fire Elementalist)       Turns: 941, Time: 00:02:02

Health: -1/26      AC:  3    Str: 12    XL:     2   Next: 75%
Magic:  4/5        EV: 10    Int: 14    God:
Gold:   140        SH:  0    Dex: 10    Spells: 4/5 levels left

rFire  . . .     SeeInvis .     g - +0 whip
rCold  . . .     Gourm    .     a - +0 robe
rNeg   . . .     Faith    .     (no shield)
rPois  .         Spirit   .     (helmet restricted)
rElec  .         Reflect  .     (no cloak)
rCorr  .         Harm     .     (gloves unavailable)
MR     .....                    (boots unavailable)
Stlth  ++........               (no amulet)
                                (no ring)
                                (no ring)

@: no status effects
A: unfitting armour, tough skin 1
a: no special abilities


You were on level 1 of the Dungeon.
You were not hungry.

You visited 1 branch of the dungeon, and saw 1 of its levels.

You collected 140 gold pieces.

Inventory:

Hand Weapons
 g - a +0 whip (weapon)
Armour
 a - a +0 robe (worn)
Scrolls
 e - a scroll of enchant weapon {unknown}
 f - a scroll of remove curse {unknown}
 h - a scroll of fear {unknown}
 i - a scroll of blinking {unknown}
 j - a scroll of fog {unknown}
Potions
 d - a potion of lignification {unknown}
 k - a potion of degeneration {unknown}
Books
 b - a book of Flames

   Spells                             Type                      Level
   a - Flame Tongue                   Conjuration/Fire             1
   b - Throw Flame                    Conjuration/Fire             2
   c - Conjure Flame                  Conjuration/Fire             3
   d - Inner Flame                    Hexes/Fire                   3
   e - Sticky Flame                   Conjuration/Fire             4
   f - Fireball                       Conjuration/Fire             5
Comestibles
 c - 2 bread rations
 l - 6 chunks of flesh


   Skills:
 + Level 0.3 Fighting
 + Level 1.0 Maces & Flails
 + Level 2.1 Dodging
 + Level 1.8 Stealth
 - Level 2.4 Spellcasting
 + Level 0.9 Conjurations
 - Level 2.1 Fire Magic


You had 4 spell levels left.
You knew the following spells:

 Your Spells              Type           Power        Failure   Level  Hunger
a - Flame Tongue          Conj/Fire      #....        14%         1    #......


Dungeon Overview and Level Annotations

Branches:
Dungeon (1/15)

Altars:
Cheibriados


Innate Abilities, Weirdness & Mutations

You are too large for most types of armour.
You have tough skin. (AC +1)


Message History

You close the door.
The goblin hits you with a mace.
Which direction?
As you close the door, it creaks loudly!
You hear a shout!
The hobgoblin hits you with a club. The goblin hits you with a mace.
You barely miss the goblin. The hobgoblin hits you with a club.
The goblin misses you.
You closely miss the goblin. The hobgoblin hits you with a club.
* * * LOW HITPOINT WARNING * * *
The goblin hits you with a mace.
* * * LOW HITPOINT WARNING * * *
Casting: Flame Tongue
Confirm with . or Enter, or press ? or * to list all spells.
Aiming: Flame Tongue
Press: ? - help, Shift-Dir - straight line, f - hobgoblin
Aim: a hobgoblin, wielding a club The flame tongue hits the hobgoblin.
The hobgoblin is lightly wounded.
The hobgoblin hits you with a club.
You die...

#.#..........#
#..##..#..#.##
##.##.......#
####.........##
###.............#
##...............####
##.............##.....
#.).++g+''......###...
#.#.+@g..'.....#######
#...+.<..'.#...###8###
#...+....+)#..###.....
##..+g...'....##8.....
#..+'+++'.....##.....
##............##...##
#.###........##)..##
##g#######8...8# g.
##...##


You could see a hobgoblin and 2 goblins.

Vanquished Creatures
  4 goblins (D:1)
  A hobgoblin (D:1)
  3 jackals (D:1)
  3 bats (D:1)
  4 frilled lizards (D:1)
  3 kobolds (D:1)
  2 rats (D:1)
  A fungus (D:1)
21 creatures vanquished.

Notes
Turn   | Place    | Note
-------+----------+-------------------------------------------
     0 | D:1      | FrankyJ the Ogre Fire Elementalist began the quest for the Orb.
     0 | D:1      | Reached XP level 1. HP: 16/16 MP: 3/3
   206 | D:1      | Reached XP level 2. HP: 16/26 MP: 0/5
   268 | D:1      | Found a snail-covered altar of Cheibriados.
   395 | D:1      | Reached skill level 1 in Maces & Flails
   941 | D:1      | Slain by a hobgoblin

Vault maps used:
D:1:      lightli_arrival_maybe_door_vault, serial_corexii_hall,
          corexii_hall_statues_x, corexii_hall_statues_l,
          minmay_gold_behind_fungi, st_stairs_9, cheibriados_altar_1

Skill      XL: |  1  2 |
---------------+-------+-----
Dodging        | 2 |  2.1
Maces & Flails | 1 |  1.0
Fighting       | |  0.3
Stealth        | |  1.8
Spellcasting   | |  2.4
Conjurations   | |  0.9
Fire Magic     | |  2.1

Action                   || total
-------------------------++-------
Melee: Whip              ||    67
       Unarmed           ||    17
 Cast: Flame Tongue      ||    10
 Stab: Sleeping          ||     1
Armor: Robe              ||    34
Dodge: Dodged            ||    68
